 Dungeon Crawl Stone Soup version 0.25-a0-246-g58704a1ebd (webtiles) character file.

Game seed: 12847983402298241216, levelgen mode: deterministic

114376 Gargoyl the Schismatic (level 16, -2/135 HPs)
             Began as a Centaur Abyssal Knight on Dec 2, 2019.
             Was an Elder of Lugonu.
             Killed from afar by Nikola (25 damage)
             ... with a chain lightning
             ... on level 2 of the Swamp on Dec 3, 2019.
             The game lasted 00:50:37 (36394 turns).

Gargoyl the Schismatic (Centaur Abyssal Knight)    Turns: 36394, Time: 00:50:39

Health: -2/135     AC: 26    Str: 19    XL:     16   Next: 16%
Magic:  14/25      EV: 15    Int: 11    God:    Lugonu [****..]
Gold:   324        SH: 12    Dex: 12    Spells: 15/15 levels left

rFire    + + .     SeeInvis .   a - +8 hand axe (venom)
rCold    . . .     Gourm    .   v - +1 shield
rNeg     + . .     Faith    .   V - +1 plate armour {rPois}
rPois    +         Spirit   .   w - +1 hat
rElec    .         Reflect  .   e - +3 cloak of Hiomad {+Fly rF+ rN+ MR+}
rCorr    .         Harm     .   L - +0 pair of gloves
MR       ++...                  (no barding)
Stlth    ..........             M - amulet of regeneration
HPRegen  0.72/turn              Q - ring of Phasing {EV+8}
MPRegen  0.19/turn              n - +6 ring of protection

@: very quick
A: large, hooves 3, horns 2, deformed body, fire resistance 1, speed 2, tough
skin 3, wild magic 1
a: Depart the Abyss, Bend Space, Banish, Corrupt, Renounce Religion, Evoke
Flight


You were on level 2 of the Swamp.
You worshipped Lugonu.
Lugonu was greatly pleased with you.
You were hungry.

You visited 4 branches of the dungeon, and saw 25 of its levels.
You visited the Abyss 2 times.
You also visited: Ossuary.

You collected 2779 gold pieces.
You spent 2455 gold pieces at shops.

Inventory:

Hand Weapons
 a - a +8 hand axe of venom (weapon)
 p - the +7 spear of Zunoid {drain, rPois}
   (You found it on level 13 of the Dungeon)

   A truly terrible weapon, it drains the life of those it strikes.
   It protects you from poison.
 P - a +3 war axe of electrocution
 U - a +1 war axe of freezing
Missiles
 C - 25 boomerangs
 K - 33 javelins (quivered)
Armour
 e - the +3 cloak of Hiomad (worn) {+Fly rF+ rN+ MR+}
   (You found it on level 2 of the Abyss)

   It protects you from fire.
   It protects you from negative energy.
   It affects your resistance to hostile enchantments.
   It lets you fly.
 v - a +1 shield (worn)
 w - a +1 hat (worn)
 L - a +0 pair of gloves (worn)
 V - a +1 plate armour of poison resistance (worn)
Jewellery
 h - an uncursed ring of protection from fire
 n - a +6 ring of protection (right hand)
 M - an amulet of regeneration (around neck)
 Q - the ring of Phasing (left hand) {EV+8}
   (You bought it in a shop on level 2 of the Orcish Mines)

   [ring of evasion]

   It affects your evasion (+8).
Wands
 g - a wand of flame (20)
 i - a wand of polymorph (33)
 D - a wand of scattershot (1)
 E - a wand of iceblast (12)
 F - a wand of acid (9)
 G - a wand of paralysis (15)
 I - a wand of enslavement (25)
 J - a wand of clouds (13)
 O - a wand of disintegration (31)
 S - a wand of digging (4)
Scrolls
 j - 3 scrolls of fog
 k - 15 scrolls of teleportation
 l - 2 scrolls of identify
 r - 12 scrolls of remove curse
 t - a scroll of blinking
 y - 6 scrolls of fear
Potions
 b - a potion of heal wounds
 d - 5 potions of agility
 f - 2 potions of resistance
 m - 5 potions of brilliance
 o - 7 potions of curing
 q - 4 potions of might
 s - a potion of flight
 u - 3 potions of haste
 x - 2 potions of berserk rage
 z - 3 potions of magic
 A - 4 potions of lignification
 B - 2 potions of ambrosia
 H - 2 potions of mutation
 R - a potion of invisibility
Comestibles
 c - 27 rations


   Skills:
 + Level 10.4 Fighting
 + Level 13.1 Axes
 + Level 1.0(8.6) Polearms
 + Level 2.4 Throwing
 * Level 10.4 Armour
 * Level 9.9 Dodging
 + Level 7.7 Shields
 * Level 13.2 Invocations


You had 15 spell levels left.
You didn't know any spells.
Your spell library contained the following spells:

 Spells                   Type           Power        Failure   Level  Hunger
 Apportation              Tloc           #.....       100%        1    ##.....
 Beastly Appendage        Tmut           #.....       100%        1    ##.....
 Freeze                   Ice            #...         100%        1    ##.....
 Magic Dart               Conj           #...         100%        1    ##.....
 Sting                    Tmut/Pois      #...         100%        1    ##.....
 Poisonous Vapours        Pois/Air       #.....       100%        2    ###....
 Searing Ray              Conj           #.....       100%        2    ###....
 Sticks to Snakes         Tmut           #.......     100%        2    ###....
 Swiftness                Chrm/Air       #.......     100%        2    ###....
 Dazzling Flash           Conj/Hex       #.....       100%        3    ####...
 Lesser Beckoning         Tloc           #.........   100%        3    ####...
 Mephitic Cloud           Conj/Pois/Air  #.......     100%        3    ####...
 Ozocubu's Armour         Chrm/Ice       #.......     100%        3    ####...
 Recall                   Summ/Tloc      N/A          100%        3    ####...
 Spider Form              Tmut/Pois      #.........   100%        3    ####...
 Animate Dead             Necr           N/A          100%        4    #####..
 Cause Fear               Hex            #.........   100%        4    #####..
 Fulminant Prism          Conj/Hex       #.........   100%        4    #####..
 Hailstorm                Conj/Ice       #.......     100%        4    #####..
 Ice Form                 Ice/Tmut       #.......     100%        4    #####..
 Iskenderun's Mystic Bla  Conj/Tloc      #.......     100%        4    #####..
 Olgreb's Toxic Radiance  Pois           #.......     100%        4    #####..
 Summon Ice Beast         Ice/Summ       #.......     100%        4    #####..
 Blade Hands              Tmut           #.........   100%        5    ######.
 Borgnjor's Vile Clutch   Necr/Erth      #.........   100%        5    ######.
 Silence                  Hex/Air        #.........   100%        5    ######.
 Yara's Violent Unravell  Hex/Tmut       #.........   100%        5    ######.
 Death Channel            Necr           #.........   100%        6    #######
 Deflect Missiles         Chrm/Air       #.........   100%        6    #######
 Simulacrum               Ice/Necr       #.........   100%        6    #######
 Discord                  Hex            #.........   100%        8    #######


Dungeon Overview and Level Annotations

Branches:
Dungeon (15/15)            Temple (0/1) D:6            Lair (6/6) D:9
  Swamp (2/4) Lair:2        Snake (0/4) Lair:4        Slime (0/5) Lair:5
    Orc (2/2) D:11            Elf (0/3) Orc:2        Vaults (0/5) D:13
 Depths (0/5) D:15        Ossuary (visited)

Altars:
Cheibriados
Elyvilon
Fedhas
Gozag
Kikubaaqudgha
Makhleb
Nemelex Xobeh
Okawaru
Qazlal
Ru
Sif Muna
Trog
Uskayaw
Vehumet
Wu Jian
Xom
Jiyva

Shops:
D:4 }   D:5 }   D:11 [(   Orc:1 [   Orc:2 =[*(

Annotations:
Swamp:2 Nikola


Innate Abilities, Weirdness & Mutations

You have hooves in place of feet.
Armour fits poorly on your strangely shaped body.
You cover ground very quickly.
You have extremely tough skin. (AC +3)
You have a pair of horns on your head.
Your flesh is heat resistant. (rF+)
Your spells are a little harder to cast, but a little more powerful.


Message History

Press: ? - help, Shift-Dir - straight line, f/p - Nikola
Aim: Nikola, wielding a +1 rapier of electrocution, wearing a +1 cloak of poison resistance and wearing a +2 pair of gloves (lightly wounded, chance to defeat MR: 14%) Nikola resists with almost no effort.
You feel somewhat more hungry.
Press: ? - help, Shift-Dir - straight line, f/p - Nikola
Aim: Nikola, wielding a +1 rapier of electrocution, wearing a +1 cloak of poison resistance and wearing a +2 pair of gloves (lightly wounded, chance to defeat MR: 14%) Nikola resists with almost no effort.
You are feeling hungry.
You hit Nikola. Your kick misses Nikola.
Nikola is lightly wounded.
You closely miss Nikola. Your headbutt misses Nikola.
Nikola is lightly wounded.
Nikola hits you but does no damage.
You hit Nikola. You kick Nikola.
Nikola is lightly wounded.
Nikola mumbles some strange words.
You hear a mighty clap of thunder!
The lightning arc hits you!!!
* * * LOW HITPOINT WARNING * * *
The lightning arc hits Nikola.
The lightning arc hits you!!
You die...

.....≈≈≈
≈≈..≈≈.♣♣
≈..≈≈≈!♣
≈.≈≈≈≈.♣
♣.≈≈≈≈≈♣
♣♣.≈≈≈≈≈♣
♣♣♣≈.≈≈≈.♣
♣♣≈..@≈≈≈≈♣ ♣
♣♣.≈≈≈.@≈.♣♣ ♣♣
♣.≈≈≈≈≈≈≈.≈♣ ♣≈
♣.≈≈≈≈≈≈≈≈≈.♣
♣≈
♣♣.≈≈≈≈≈≈≈≈....
♣♣
♣.§≈≈.≈≈...≈≈≈
♣
♣≈.≈≈♣♣.≈≈.≈≈≈
♣ ♣♣.≈§♣
♣♣♣♣♣.§ ♣
♣♣..♣♣♣♣♣ .≈≈
♣♣
♣♣♣♣♣♣..≈....♣
≈≈ ♣♣.


You could see Nikola.

Vanquished Creatures
  Gastronok (Lair:3)
  A tentacled starspawn (Abyss:1)
  Kirke (Swamp:1)
  A thorn hunter (Swamp:1)
  The ghost of oberejnoburuli the Severer, a journeyman DDFi of Makhleb (Orc:2)
  An orc warlord (Orc:2)
  A stone giant (Orc:1)
  2 merfolk javelineers (Orc:2)
  A yaktaur captain (D:15)
  Josephine (D:11)
  A vault guard (D:13)
  Harold (D:9)
  A catoblepas (Lair:6)
  A merfolk avatar (Lair:6)
  4 centaur warriors
  Erica (D:9)
  5 two-headed ogres
  9 alligators
  5 death yaks (Lair:6)
  A death knight (D:14)
  2 tengu warriors
  A thrashing horror (Abyss:1)
  7 orc high priests
  Nergalle (D:10)
  3 swamp dragons (Swamp:1)
  A harpy (Lair:5)
  3 wizards (D:13)
  3 deep elf magi
  4 orc knights (Orc:2)
  A necromancer (D:13)
  An orc sorcerer (Orc:2)
  8 ugly things
  4 cyclopes
  2 manticores (Lair:6)
  14 elephants
  6 black mambas
  An apocalypse crab (Abyss:1)
  An ice statue (D:9)
  A smoke demon (Abyss:1)
  A torpor snail (Lair:6)
  Joseph (Lair:1)
  A gargoyle (D:14)
  13 spiny frogs
  6 rime drakes
  15 komodo dragons
  3 kobold demonologists
  A queen bee (D:9)
  3 polar bears
  A meliai (shapeshifter) (D:15)
  3 trolls
  3 tyrant leeches
  2 hornets
  Grinder (D:5)
  7 bog bodies
  6 slime creatures
  10 blink frogs
  7 hippogriffs
  2 meliai zombies
  2 spriggans
  2 shadows
  5 wraiths
  18 humans (D:13)
  6 wyverns
  42 yaks
  A basilisk (shapeshifter) (D:13)
  A fire elemental (Lair:1)
  3 basilisks
  2 small abominations (Abyss:1)
  Grum (D:11)
  9 insubstantial wisps
  Menkaure (D:6)
  11 vampire mosquitoes
  2 acid dragons
  13 swamp worms
  2 wargs (Orc:1)
  17 water moccasins
  5 porcupines
  2 large abominations (Abyss:1)
  3 sky beasts
  26 orc warriors
  A hornet zombie (D:11)
  An ice beast (D:14)
  A swamp drake (Swamp:1)
  A black bear (D:10)
  4 phantoms
  9 wolves
  3 eyes of draining
  A necrophage (D:13)
  10 ogres
  8 centaurs
  10 crocodiles
  4 big kobolds (D:13)
  16 bullfrogs
  5 gnoll sergeants (D:9)
  4 scorpions
  A manticore simulacrum (Abyss:1)
  17 killer bees (D:9)
  2 electric eels
  7 crimson imps
  A howler monkey (D:10)
  3 jellies
  2 quasits
  3 bullfrog zombies
  A centaur zombie (D:9)
  12 hounds
  3 gnoll shamans
  6 orc priests
  7 centaur skeletons
  3 bullfrog skeletons
  5 iguanas
  19 orc wizards
  5 worker ants
  A hound skeleton (D:9)
  13 mummies (Ossuary)
  A howler monkey zombie (D:10)
  A worker ant zombie (D:5)
  20 gnolls
  A howler monkey skeleton (D:6)
  13 adders
  A river rat (Lair:3)
  3 shadow imps
  2 ufetubi (Abyss:1)
  An adder zombie (D:5)
  A worm zombie (D:5)
  3 worms
  3 dart slugs
  6 leopard geckos
  54 orcs
  6 bats
  A bat zombie (D:3)
  9 giant cockroaches
  8 goblins
  9 hobgoblins
  9 jackals
  6 quokkas
  A ball python (D:1)
  2 frilled lizards
  A gnoll skeleton (Ossuary)
  4 goblin skeletons (Ossuary)
  9 kobolds
  2 kobold skeletons (Ossuary)
  An orc skeleton (Ossuary)
  8 rats
  11 rat skeletons (Ossuary)
  3 rat zombies (D:3)
  3 briar patches (Swamp:1)
  4 fungi
  3 plants (Lair:6)
763 creatures vanquished.

Vanquished Creatures (collateral kills)
  A komodo dragon (Lair:6)
1 creature vanquished.

Vanquished Creatures (others)
  Fannar (D:10)
  9 hydras
  A deep elf knight (Orc:2)
  A wizard (D:13)
  2 spiny frogs
  2 humans
  A gnoll (D:9)
  A briar patch (Swamp:1)
  A bush (Lair:6)
  18 fungi
  12 plants
  2 starspawn tentacles (Abyss:1)
51 creatures vanquished.

Grand Total: 815 creatures vanquished

Notes
Turn   | Place    | Note
-------+----------+-------------------------------------------
     0 | Abyss:1  | Gargoyl the Centaur Abyssal Knight began the quest for the
                  | Orb.
     0 | Abyss:1  | Reached XP level 1. HP: 19/19 MP: 2/2
    48 | Abyss:1  | Noticed a large abomination
    83 | Abyss:1  | Noticed an eye of draining
    95 | Abyss:1  | Noticed an ancient zyme
    96 | Abyss:1  | Noticed a worldbinder
   126 | Abyss:2  | Got a fine cloak
   132 | Abyss:2  | Identified the +3 cloak of Hiomad {+Fly rF+ rN+ MR+} (You
                  | found it on level 2 of the Abyss)
   157 | Abyss:2  | Noticed a dire elephant skeleton
   163 | Abyss:2  | Noticed a large abomination
   184 | Abyss:2  | Noticed a small abomination
   194 | Abyss:2  | Noticed a quasit
   212 | D:1      | Escaped the Abyss
   249 | D:1      | Reached * piety under Lugonu
   312 | D:1      | Reached XP level 2. HP: 24/26 MP: 3/3
   567 | D:1      | Reached skill level 1 in Dodging
   772 | D:1      | Reached XP level 3. HP: 31/31 MP: 4/4
  1243 | D:2      | Reached ** piety under Lugonu
  1485 | D:2      | Reached XP level 4. HP: 38/38 MP: 5/5
  1896 | D:3      | Found an ancient bone altar of Kikubaaqudgha.
  2914 | D:4      | Noticed an ogre
  2945 | D:3      | Reached XP level 5. HP: 31/45 MP: 7/7
  3096 | D:4      | Killed an ogre
  3195 | D:4      | Noticed an ogre
  3200 | D:4      | Killed an ogre
  3200 | D:4      | Reached XP level 6. HP: 47/52 MP: 8/8
  3566 | D:4      | Found Sakac's Gadget Boutique.
  3683 | D:4      | Found an iron altar of Okawaru.
  3838 | D:5      | Entered Level 5 of the Dungeon
  3853 | D:5      | Reached *** piety under Lugonu
  3930 | D:5      | Reached XP level 7. HP: 51/59 MP: 9/9
  4101 | D:5      | Found a snail-covered altar of Cheibriados.
  4167 | D:5      | Found a sand-covered staircase.
  4175 | Ossuary  | Entered an ossuary
  5234 | D:5      | Reached **** piety under Lugonu
  5324 | D:5      | Noticed Grinder
  5336 | D:5      | Found Xaem's Gadget Boutique.
  5352 | D:5      | Paralysed by Grinder for 4 turns
  5363 | D:5      | Killed Grinder
  5363 | D:5      | Reached skill level 5 in Axes
  5363 | D:5      | Reached XP level 8. HP: 60/67 MP: 9/11
  5593 | D:5      | Found a shimmering blue altar of Sif Muna.
  6168 | D:6      | Found a shimmering altar of Xom.
  6277 | D:6      | Found a staircase to the Ecumenical Temple.
  6277 | D:6      | Noticed Menkaure
  6285 | D:6      | Killed Menkaure
  6605 | D:6      | Reached skill level 5 in Invocations
  6745 | D:6      | Found a radiant altar of Vehumet.
  6746 | D:6      | Found an opulent altar of Gozag.
  6747 | D:6      | Found a blossoming altar of Fedhas.
  6748 | D:6      | Found an ornate altar of the Wu Jian Council.
  6748 | D:6      | Found a bloodstained altar of Trog.
  6748 | D:6      | Found a sacrificial altar of Ru.
  6789 | D:6      | Found a hide-covered altar of Uskayaw.
  6800 | D:6      | Found a stormy altar of Qazlal.
  6921 | D:7      | Found a sparkling altar of Nemelex Xobeh.
  6952 | D:7      | Reached skill level 5 in Fighting
  7064 | D:7      | Noticed a hippogriff
  7073 | D:7      | Killed a hippogriff
  7073 | D:7      | Reached skill level 1 in Shields
  7073 | D:7      | Reached XP level 9. HP: 62/74 MP: 11/13
  7346 | D:7      | Got a twisted chain mail
  7361 | D:7      | Identified the cursed +1 chain mail of Defiance {Int+6}
                  | (You found it on level 7 of the Dungeon)
  7626 | D:8      | Reached ***** piety under Lugonu
  7769 | D:8      | Found a white marble altar of Elyvilon.
  7911 | D:9      | Found a staircase to the Lair.
  8394 | D:9      | Reached skill level 5 in Armour
  8705 | D:9      | Reached XP level 10. HP: 58/82 MP: 14/14
  8872 | D:9      | Noticed Harold
  8923 | D:9      | Killed Harold
  9539 | D:9      | Noticed a two-headed ogre
  9546 | D:9      | Killed a two-headed ogre
  9546 | D:9      | Reached skill level 5 in Dodging
 10270 | D:9      | Noticed an ice statue
 10350 | D:9      | Noticed Erica
 10369 | D:9      | Killed Erica
 10876 | Lair:1   | Entered Level 1 of the Lair of Beasts
 11232 | Lair:1   | Noticed Joseph
 11250 | Lair:1   | Killed Joseph
 11250 | Lair:1   | Reached XP level 11. HP: 50/89 MP: 16/16
 12083 | Lair:2   | Noticed a six-headed hydra
 12085 | Lair:2   | Banished a six-headed hydra
 12328 | Lair:2   | Noticed a seven-headed hydra
 12331 | Lair:2   | Banished a seven-headed hydra
 12884 | Lair:2   | Noticed an eight-headed hydra
 12893 | Lair:2   | Banished an eight-headed hydra
 14007 | Lair:2   | Found a staircase to the Swamp.
 14399 | Lair:3   | Gained mutation: You evolve. [potion of mutation]
 14399 | Lair:3   | Gained mutation: Your mind is acute. (Int +2) [potion of
                  | mutation]
 14399 | Lair:3   | Gained mutation: Your spells are a little harder to cast,
                  | but a little more powerful. [potion of mutation]
 14504 | Lair:3   | Noticed an eight-headed hydra
 14506 | Lair:3   | Banished an eight-headed hydra
 14674 | Lair:3   | Noticed Gastronok
 14700 | Lair:3   | Killed Gastronok
 15014 | Lair:3   | Reached skill level 1 in Throwing
 15014 | Lair:3   | Reached XP level 12. HP: 28/100 MP: 18/18
 17854 | Lair:4   | Noticed a five-headed hydra
 17855 | Lair:4   | Banished a five-headed hydra
 17895 | Lair:4   | Found a staircase to the Snake Pit.
 18507 | Lair:5   | Noticed a four-headed hydra
 18510 | Lair:5   | Banished a four-headed hydra
 18517 | Lair:5   | Found a staircase to the Slime Pits.
 18518 | Lair:5   | Found a viscous altar of Jiyva.
 18548 | Lair:5   | Reached skill level 10 in Axes
 18548 | Lair:5   | Reached skill level 5 in Shields
 18669 | Lair:5   | Reached skill level 10 in Invocations
 19164 | Lair:6   | Entered Level 6 of the Lair of Beasts
 19219 | Lair:6   | Reached XP level 13. HP: 103/107 MP: 20/20
 24614 | Lair:6   | Identified the Collected Works on Warped Feathers
 24788 | Lair:6   | Lost mutation: Your spells are a little harder to cast, but
                  | a little more powerful. [potion of mutation]
 24788 | Lair:6   | Gained mutation: You have a pair of small horns on your
                  | head. [potion of mutation]
 24788 | Lair:6   | Gained mutation: You have a pair of horns on your head.
                  | [potion of mutation]
 24788 | Lair:6   | Gained mutation: Your flesh is heat resistant. (rF+)
                  | [potion of mutation]
 24936 | D:10     | Entered Level 10 of the Dungeon
 25466 | D:10     | Noticed Nergalle
 25486 | D:10     | Killed Nergalle
 25486 | D:10     | Reached XP level 14. HP: 102/116 MP: 22/22
 25533 | D:10     | Noticed Fannar
 25560 | D:10     | Killed Fannar
 25841 | D:10     | Gained mutation: Your spells are a little harder to cast,
                  | but a little more powerful. [evolution]
 26406 | D:11     | Noticed Grum
 26417 | D:11     | Killed Grum
 26509 | D:11     | Reached ****** piety under Lugonu
 26531 | D:11     | Noticed Josephine
 26789 | D:11     | Killed Josephine
 27104 | D:11     | Found Gikhleiqy's Armour Shoppe.
 27105 | D:11     | Found a staircase to the Orcish Mines.
 27106 | D:11     | Found Qoamyam's Weapon Shoppe.
 27112 | D:11     | Bought a +1 cloak of poison resistance for 216 gold pieces
 28759 | D:13     | Found a gate to the Vaults.
 29077 | D:13     | Got a jewelled spear
 29078 | D:13     | Identified the +7 spear of Zunoid {drain, rPois} (You found
                  | it on level 13 of the Dungeon)
 29122 | D:13     | Found a sacrificial altar of Ru.
 29163 | D:14     | Found a frozen archway.
 29761 | D:14     | Reached skill level 1 in Polearms
 30340 | D:15     | Entered Level 15 of the Dungeon
 30546 | D:15     | Reached XP level 15. HP: 126/126 MP: 24/24
 30604 | D:15     | Found a staircase to the Depths.
 30855 | D:15     | Got a fine lead ring
 31350 | Orc:1    | Entered Level 1 of the Orcish Mines
 31352 | Orc:1    | Found a burning altar of Makhleb.
 31363 | Orc:1    | Found Ebrorchi's Armour Shop.
 31857 | Orc:2    | Entered Level 2 of the Orcish Mines
 31857 | Orc:2    | Found Puney's Antique Armour Shoppe.
 32381 | Orc:2    | Found Teroxzu's Antique Weapon Boutique.
 32390 | Orc:2    | Bought a runed war axe for 169 gold pieces
 32390 | Orc:2    | Identified the ring "Ipnof" {EV+4 Int+6 Dex-3} (You found
                  | it on level 15 of the Dungeon)
 32446 | Orc:2    | Found a runed translucent gate.
 32446 | Orc:2    | Found a runed translucent gate.
 32446 | Orc:2    | Found an iron altar of Okawaru.
 32446 | Orc:2    | Found a runed translucent gate.
 32446 | Orc:2    | Noticed oberejnoburuli's ghost (journeyman DDFi)
 32564 | Orc:2    | Found a staircase to the Elven Halls.
 32575 | Orc:2    | Found a dark tunnel.
 32629 | Orc:2    | Found Quevij Piwa's Jewellery Shoppe.
 32643 | Orc:2    | Reached skill level 10 in Fighting
 32666 | Orc:2    | Bought the ring of Phasing {EV+8} for 1920 gold pieces
 32666 | Orc:2    | Found the ring of Phasing {EV+8}
 32788 | Orc:2    | Found Plog's General Store.
 32809 | Orc:2    | Bought a scroll of enchant weapon for 75 gold pieces
 32809 | Orc:2    | Bought a scroll of enchant weapon for 75 gold pieces
 32860 | Orc:2    | Noticed an orc warlord
 32890 | Orc:2    | Killed an orc warlord
 33263 | Orc:2    | Upgraded the game from 0.25-a0-200-g5ba96148f3 to
                  | 0.25-a0-246-g58704a1ebd
 33592 | Orc:2    | Lost mutation: Your mind is acute. (Int +2) [evolution]
 33592 | Orc:2    | Lost mutation: You evolve. [end of evolution]
 33660 | Orc:2    | Got a bronze scale mail
 33665 | Orc:2    | Identified the +3 scale mail of Lucidity {Dex+4} (You found
                  | it on level 2 of the Orcish Mines)
 33718 | Orc:2    | Killed oberejnoburuli's ghost
 33974 | Swamp:1  | Entered Level 1 of the Swamp
 34171 | Swamp:1  | Reached skill level 10 in Armour
 34721 | Swamp:1  | Noticed a thorn hunter
 34825 | Abyss:1  | Found a corrupted altar of Lugonu.
 35009 | Abyss:1  | Noticed a tentacled starspawn
 35025 | Abyss:1  | Killed a tentacled starspawn
 35196 | Swamp:1  | Escaped the Abyss
 35213 | Swamp:1  | Killed a thorn hunter
 35370 | Swamp:1  | Reached XP level 16. HP: 105/135 MP: 25/25
 35850 | Swamp:2  | Noticed Kirke
 36052 | Swamp:1  | Killed Kirke
 36384 | Swamp:2  | Noticed Nikola
 36394 | Swamp:2  | Killed from afar by Nikola

Levels and vault maps discovered:
D:1:      lordsloth_arrival_two_stooges, layout_loops_ring, minmay_tromino_v4_a
D:2:      layout_basic
D:3:      layout_basic, lemuel_zombie_altar_kikubaaqudgha, first_ration,
          corexii_corridor_pit
D:4:      layout_basic, kennysheep_mini, serial_shops, shop
D:5:      layout_basic, led_sif_pool, marbit_many_paths, serial_shops,
          shop_coins, enter_ossuary_3, uniq_grinder
D:6:      layout_cave_pools, grunt_temple_overflow_open, temple_green,
          xom_teletrap_fun, uniq_menkaure
D:7:      layout_cave_pools, nemelex_xobeh_ov_fountains_minmay
D:8:      layout_basic, elyvilon_altar_5
D:9:      layout_cave_pools, lair_entry_dummy, serial_gnoll_camp,
          gnoll_camp_mini_hut, gnoll_camp_mini_hut, gnoll_camp_mini_hut,
          gnoll_camp_mini_loothouse, gnoll_camp_mini_hut, gnoll_camp_huts_moat,
          grunt_pizzeria, minivault_15, nicolae_looking_at_the_future,
          uniq_erica, uniq_harold
D:10:     layout_stronghold, uniq_fannar, uniq_nergalle
D:11:     layout_basic, orc_david_3, uniq_josephine, uniq_grum
D:12:     layout_basic
D:13:     layout_roguey, grunt_vaults_entry_tiered,
          nicolae_ru_the_path_less_chosen
D:14:     layout_rooms, chequers_serial_rivers_micro_e,
          portal_ice_cave_entry_pillars_1, minmay_holes
D:15:     grunt_enter_depths_snipers, layout_basic
Lair:1:   layout_gridlike, uniq_joseph
Lair:2:   layout_regular_city, nicolae_swamp_entry_splash_gauntlet,
          grunt_megastairs_5
Lair:3:   layout_layer_cave, pond, grunt_megastairs_4,
          infiniplex_staircase_pool_2, uniq_gastronok
Lair:4:   layout_roguey, dummy_snake_entry
Lair:5:   layout_misc_corridors, slime_altar_1
Lair:6:   gammafunk_lair_ancient_temple, layout_regular_city,
          columned_hall_lemuel
Swamp:1:  layout_basic_swamp, evilmike_swamp_ruin_house_1
Swamp:2:  layout_basic_swamp, evilmike_swamp_ruin_rubble_1, uniq_kirke,
          uniq_nikola
Orc:1:    layout_diamond_mine, serial_shops, nicolae_shop_trees, basic_altar,
          nicolae_orc_rich_vein
Orc:2:    grunt_orc_gardens, layout_diamond_mine, grunt_orc_garden,
          grunt_orc_garden, grunt_orc_garden, grunt_orc_garden,
          nicolae_volcano_entry_lava_flow, gammafunk_ghost_fury_of_okawaru

Skill      XL: |  1  2  3  4  5  6  7  8  9 10 11 12 13 14 15 |
---------------+----------------------------------------------+-----
Axes           | 2 3 5 6 7 8 9 10 11 12 13 | 13.1
Dodging        | 1 2 3 4 5 6 7 8 9 |  9.9
Armour         | 2 3 4 5 7 8 9 10 | 10.4
Invocations    | 3 4 5 6 7 9 10 11 12 13 | 13.2
Fighting       | 4 5 6 7 8 9 10 | 10.4
Shields        | 1 2 3 4 5 6 7 |  7.7
Throwing       | 1 2 |  2.4
Polearms       | 1 |  1.0

Action                   |  1- 3 |  4- 6 |  7- 9 | 10-12 | 13-15 | 16-18 || total
-------------------------+-------+-------+-------+-------+-------+-------++-------
Melee: Hand axe          |   117 |   196 |   461 |   643 |  1755 |   117 ||  3289
       Kick              |    18 |    38 |   125 |   200 |   598 |    47 ||  1026
       Headbutt          |       |       |       |       |   263 |    19 ||   282
       Spear             |       |       |       |       |    25 |       ||    25
Throw: Javelin           |       |       |       |    12 |     6 |     1 ||    19
       Boomerang         |       |       |       |    19 |     9 |       ||    28
Invok: Depart the Abyss  |     1 |       |       |       |     1 |       ||     2
       Bend Space        |       |       |     3 |     4 |     1 |       ||     8
       Banish            |       |       |       |    11 |    23 |     3 ||    37
       Enter the Abyss   |       |       |       |       |     1 |       ||     1
Evoke: Wand              |       |       |       |       |     1 |       ||     1
  Use: Scroll            |     7 |     7 |    20 |     5 |    14 |       ||    53
       Potion            |       |     2 |       |    10 |     4 |       ||    16
 Stab: Distracted        |       |       |       |       |     1 |       ||     1
  Eat: Chunk             |       |     7 |    10 |    24 |    32 |     2 ||    75
       Ration            |       |       |     1 |     3 |     7 |       ||    11
Armor: Ring mail         |    56 |   148 |   264 |   320 |   345 |       ||  1133
       Leather armour    |     4 |       |       |       |       |       ||     4
       Skin              |       |       |       |    39 |       |       ||    39
       Plate armour      |       |       |       |       |   404 |    47 ||   451
Dodge: Dodged            |    62 |   100 |   140 |   243 |   548 |    44 ||  1137
Block: Buckler           |       |     9 |    29 |       |       |       ||    38
       Shield            |       |       |   120 |   298 |   809 |    55 ||  1282

Table legend:
 A = Non-vault XP
 B = Vault XP
 C = Vault XP percentage of total XP
 D = Non-vault monster count
 E = Vault monster count
 F = Vault count percentage of total count
                 A         B        C        D         E       F
            +---------+---------+-------+---------+---------+-------
      Total |  106626 |   56769 |  34.7 |     551 |     224 |  28.9
            +---------+---------+-------+---------+---------+-------
        D:1 |      37 |       7 |  15.9 |      20 |       4 |  16.7
        D:2 |      67 |       0 |   0.0 |      22 |       0 |   0.0
        D:3 |      71 |       5 |   6.6 |      22 |       4 |  15.4
        D:4 |     448 |       0 |   0.0 |      17 |       0 |   0.0
        D:5 |     682 |     304 |  30.8 |      18 |       3 |  14.3
        D:6 |     470 |     169 |  26.4 |      14 |       1 |   6.7
        D:7 |     739 |       0 |   0.0 |      19 |       0 |   0.0
        D:8 |     647 |       0 |   0.0 |      18 |       0 |   0.0
        D:9 |    1985 |    4614 |  69.9 |      19 |      48 |  71.6
       D:10 |    1231 |    1780 |  59.1 |      24 |       2 |   7.7
       D:11 |    6321 |    2799 |  30.7 |      28 |      19 |  40.4
       D:12 |     661 |       0 |   0.0 |       7 |       0 |   0.0
       D:13 |    4961 |    7647 |  60.7 |      22 |      25 |  53.2
       D:14 |   10981 |       0 |   0.0 |      28 |       0 |   0.0
       D:15 |    6410 |    2595 |  28.8 |      20 |       3 |  13.0
     Lair:1 |    1837 |     445 |  19.5 |       9 |       1 |  10.0
     Lair:2 |    4545 |    1403 |  23.6 |      12 |       7 |  36.8
     Lair:3 |    5248 |    4089 |  43.8 |      18 |      10 |  35.7
     Lair:4 |    5017 |       0 |   0.0 |      19 |       0 |   0.0
     Lair:5 |    6786 |    1351 |  16.6 |      25 |       3 |  10.7
     Lair:6 |   15035 |    8327 |  35.6 |      50 |      24 |  32.4
    Swamp:1 |   18592 |    1799 |   8.8 |      48 |       1 |   2.0
    Swamp:2 |    4298 |       0 |   0.0 |      15 |       0 |   0.0
      Orc:1 |    2373 |    3264 |  57.9 |      16 |       9 |  36.0
      Orc:2 |    1383 |   15924 |  92.0 |      28 |      28 |  50.0
    Abyss:1 |    5801 |       0 |   0.0 |      13 |       0 |   0.0
    Ossuary |       0 |     247 | 100.0 |       0 |      32 | 100.0
            +---------+---------+-------+---------+---------+-------
